 Dungeon Crawl Stone Soup version 0.28.0-43-g3370ac3207 (webtiles) character file.

Game seed: 12080757389822168520

17 funkygono the Firebug (level 2, -1/19 HPs)
             Began as a Demonspawn Fire Elementalist on Mar 17, 2022.
             Slain by Terence
             ... wielding a +0 falchion
              (7 damage)
             ... on level 1 of the Dungeon.
             The game lasted 00:01:41 (1054 turns).

funkygono the Firebug (DsFE)                        Turns: 1054, Time: 00:01:42

Health: -1/19      AC:  2    Str:  8    XL:     2   Next: 44%
Magic:  0/5        EV: 12    Int: 16    God:
Gold:   48         SH:  0    Dex: 13    Spells: 2/5 levels left

rFire   . . .      SeeInvis .   d - +0 flail
rCold   . . .      Faith    .   (no shield)
rNeg    . . .      Spirit   .   a - +0 robe
rPois   .          Reflect  .   (no helmet)
rElec   .          Harm     .   (no cloak)
rCorr   .          Rampage  .   (no gloves)
Will    .....                   (no boots)
Stlth   ++........              (no amulet)
HPRegen 0.06/turn               (no ring)
MPRegen 0.09/turn               (no ring)

@: no status effects
A: hooves 1
a: no special abilities


You were on level 1 of the Dungeon.
You visited 1 branch of the dungeon, and saw 2 of its levels.

You collected 48 gold pieces.

Inventory:

Hand Weapons
 d - a +0 flail (weapon)
Missiles
 c - 36 stones
Armour
 a - a +0 robe (worn)
 h - a +1 ring mail of cold resistance
Scrolls
 b - a scroll of fog {unknown}
 f - a scroll of identify {unknown}
Potions
 e - a potion of might {unknown}
 g - a potion of mutation {unknown}
 i - 2 potions of attraction {unknown}


   Skills:
 + Level 1.9 Dodging
 - Level 1.7 Stealth
 * Level 2.2 Spellcasting
 * Level 1.1 Conjurations
 * Level 3.2 Fire Magic


You had 2 spell levels left.
You knew the following spells:

 Your Spells              Type           Power      Damage    Failure   Level
a - Foxfire               Conj/Fire      32%        2x1d5     9%          1
b - Scorch                Fire           24%        2d6       9%          2

Your spell library contained the following spells:

 Spells                   Type           Power      Damage    Failure   Level
 Conjure Flame            Conj/Fire      8%         6-21      26%         3
 Inner Flame              Hex/Fire       6%         N/A       32%         3
 Flame Wave               Conj/Fire      8%         2d5       63%         4


Dungeon Overview and Level Annotations

Branches:
Dungeon (2/15)

Altars:

Annotations:
D:1 Terence


Innate Abilities, Weirdness & Mutations

You have large cloven feet.


Message History

The foxfire hits Terence but does no damage.
Terence is lightly wounded.
Casting: Foxfire (safe; 9% risk of failure)
Confirm with . or Enter, or press ? or * to list all spells.
You conjure some foxfire!
The foxfire hits Terence.
Terence is lightly wounded.
The foxfire hits Terence but does no damage.
Terence is lightly wounded.
Terence hits you with a +0 falchion.
There is an escape hatch in the ceiling here.
Terence shouts, "DIE!!!"
Terence barely misses you. A mysterious force pulls you upwards.
The hatch slams shut behind you.
There is a stone staircase leading down here.
Terence hits you with a +0 falchion.
You climb downwards.
Found a stone staircase leading up.
There is a stone staircase leading up here.
Terence closely misses you.
You climb upwards.
There is a stone staircase leading down, spattered with blood here.
Terence hits you with a +0 falchion!
You climb downwards.
There is a stone staircase leading up here.
A rat comes into view.
There is a stone staircase leading up here.
Terence barely misses you.
You climb upwards.
There is a stone staircase leading down here.
Casting: Foxfire (safe; 9% risk of failure)
Confirm with . or Enter, or press ? or * to list all spells.
You conjure some foxfire!
Terence barely misses you.
The foxfire hits Terence but does no damage.
Terence is lightly wounded.
The foxfire hits Terence.
Terence is moderately wounded.
Casting: Foxfire (safe; 9% risk of failure)
Confirm with . or Enter, or press ? or * to list all spells.
You conjure some foxfire!
Terence hits you with a +0 falchion!
You die...

#### ...# ##.## ≈#..#
≈##.#############
≈≈#.......#...>.##
≈≈##............v##
#≈≈#...........@@.#
#≈≈#...........v..#
##≈#..............####
.#≈##.#≈#............#
.#≈≈#.#≈#............#
.#≈≈#.#≈##...........#
##≈≈#>#≈≈##.....#..###
#≈≈####≈≈##.###....#
#≈≈####≈≈#...##.##.#


You could see Terence (ally target).

Vanquished Creatures
  2 dart slugs (D:1)
  A bat (D:1)
  2 endoplasms (D:1)
  A giant cockroach (D:1)
  A goblin (D:2)
  A quokka (D:2)
  2 ball pythons (D:1)
  A frilled lizard (D:1)
  A rat (D:1)
12 creatures vanquished.

Vanquished Creatures (others)
  45 foxfires
45 creatures vanquished.

Grand Total: 57 creatures vanquished

Notes
Turn   | Place    | Note
-------+----------+-------------------------------------------
     0 | D:1      | funkygono the Demonspawn Fire Elementalist began the quest
                  | for the Orb.
     0 | D:1      | Reached XP level 1. HP: 13/13 MP: 3/3
   398 | D:1      | Reached skill level 3 in Fire Magic
   408 | D:1      | Gained mutation: You have large cloven feet. [demonic
                  | ancestry]
   408 | D:1      | Reached XP level 2. HP: 19/19 MP: 0/5
   632 | D:1      | Learned a level 2 spell: Scorch
  1004 | D:2      | Noticed Terence
  1054 | D:1      | Slain by Terence

Illustrated notes

Levels and vault maps discovered:
D:1:      lightli_arrival_noodles, layout_rooms, chequers_serial_rivers_large_b
D:2:      layout_loops_corners, shapermc_ecumenical_altar_acropolis,
          minmay_crystal_room, serial_park_tiny_1, nrook_mini_backslash,
          uniq_terence

Skill      XL: |  1 |
---------------+----+-----
Fire Magic     | 3 |  3.2
Dodging        | |  1.9
Stealth        | |  1.7
Spellcasting   | |  2.2
Conjurations   | |  1.1

Action                   || total
-------------------------++-------
 Cast: Foxfire           ||    29
       Scorch            ||     1
Dodge: Dodged            ||     5
